 Dungeon Crawl Stone Soup version 0.24.0-13-gcf9b3192b9 (webtiles) character file.

Game seed: 3984484876504733158, levelgen mode: deterministic

182 Dwingvatt99 the Sneak (level 5, 0/25 HPs)
             Began as a Spriggan Venom Mage on Nov 7, 2019.
             Slain by an adder (5 damage)
             ... on level 3 of the Dungeon.
             The game lasted 00:05:54 (2670 turns).

Dwingvatt99 the Sneak (Spriggan Venom Mage)         Turns: 2670, Time: 00:05:55

Health: 0/25       AC:  2    Str:  5    XL:     5   Next: 35%
Magic:  10/10      EV: 19    Int: 16    God:
Gold:   110        SH:  0    Dex: 17    Spells: 8/9 levels left

rFire    . . .     SeeInvis +   b - +3 whip (elec)
rCold    . . .     Gourm    .   (shield restricted)
rNeg     . . .     Faith    .   g - +0 robe
rPois    .         Spirit   .   (helmet restricted)
rElec    .         Reflect  .   (no cloak)
rCorr    .         Harm     .   (gloves unavailable)
MR       +....                  (boots unavailable)
Stlth    +++.......             (no amulet)
HPRegen  0.08/turn              l - ring of protection from magic
MPRegen  0.12/turn              (no ring)

@: very quick
A: very small, unfitting armour, see invisible, herbivore, speed 3, slow
metabolism 2
a: no special abilities


You were on level 3 of the Dungeon.
You were not hungry.

You visited 1 branch of the dungeon, and saw 3 of its levels.

You collected 110 gold pieces.

Inventory:

Hand Weapons
 a - a +0 dagger
   (You took it off a goblin on level 1 of the Dungeon)
 b - a +3 whip of electrocution (weapon)
   (You found it on level 1 of the Dungeon)
Armour
 g - a +0 robe (worn)
Jewellery
 l - a ring of protection from magic (left hand)
   (You found it on level 1 of the Dungeon)
Scrolls
 d - 5 scrolls of identify {unknown}
 f - a scroll of magic mapping {unknown}
 k - 2 scrolls of remove curse {unknown}
 n - a scroll of fog {unknown}
Potions
 c - a potion of mutation {unknown}
 h - a potion of lignification {unknown}
 i - a potion of might {unknown}
 j - a potion of agility
 m - a potion of degeneration {unknown}
Comestibles
 e - 3 rations {!d!d}


   Skills:
 + Level 1.5 Fighting
 + Level 1.9 Short Blades
 + Level 1.1 Maces & Flails
 + Level 4.2 Dodging
 + Level 4.6 Stealth
 - Level 2.6 Spellcasting
 + Level 1.6 Conjurations
 - Level 3.0 Poison Magic


You had 8 spell levels left.
You knew the following spells:

 Your Spells              Type           Power        Failure   Level  Hunger
a - Sting                 Conj/Pois      #...         8%          1    #......

Your spell library contained the following spells:

 Spells                   Type           Power        Failure   Level  Hunger
 Poisonous Vapours        Pois/Air       #.....       16%         2    ##.....
 Mephitic Cloud           Conj/Pois/Air  #.......     30%         3    ###....
 Olgreb's Toxic Radiance  Pois           ##......     50%         4    #####..
 Venom Bolt               Conj/Pois      #.........   91%         5    ######.


Dungeon Overview and Level Annotations

Branches:
Dungeon (3/15)

Altars:


Innate Abilities, Weirdness & Mutations

You are very small and have problems with some larger weapons.
You are too small for most types of armour.
You have supernaturally acute eyesight. (SInv)
You are a herbivore.
You cover ground extremely quickly.
You need to consume almost no food.


Message History

The giant cockroach closely misses you.
You hit the giant cockroach.
The giant cockroach completely misses you.
You hit the giant cockroach.
You kill the giant cockroach!
No target in view!
No target in view!
No target in view!
No target in view!
Jessica the Apprentice Sorceress comes into view.
She is wielding a +2 vampiric dagger.
Found a runed silver wand.
Jessica shouts!
You hear a bark!
An adder comes into view.
A jackal comes into view.
Jessica misses you.
Found a ration.
You completely miss Jessica.
Jessica drinks a potion.
Jessica suddenly seems more agile.
The adder hisses angrily.
You hit Jessica. Jessica misses you.
You barely miss Jessica.
Jessica hits you with a +2 vampiric dagger.
Jessica draws strength from your wounds!
You hit Jessica. Jessica closely misses you. The jackal barely misses you.
You barely miss Jessica. The jackal misses you. Jessica barely misses you.
The adder closely misses you.
You hit Jessica.
You kill Jessica!
The jackal completely misses you. The adder completely misses you.
The jackal completely misses you. The jackal misses you.
You barely miss the jackal. The jackal misses you.
You hit the jackal. Lightning courses through the jackal!!
You kill the jackal!
You closely miss the adder. The adder completely misses you.
The adder barely misses you.
You completely miss the adder. The adder completely misses you.
You barely miss the adder. The adder bites you.
You miss the adder. The adder completely misses you. The adder misses you.
You completely miss the adder. The adder bites you.
You closely miss the adder. The adder closely misses you. The adder bites you.
* * * LOW HITPOINT WARNING * * *
You closely miss the adder. The adder completely misses you.
You hit the adder. The adder misses you.
You whack the adder! The adder bites you.
* * * LOW HITPOINT WARNING * * *
The adder barely misses you.
You barely miss the adder. The adder bites you.
* * * LOW HITPOINT WARNING * * *
You closely miss the adder. The adder bites you.
You die...

#..... ### #.....
##.#########.....
##................ .
######...#########.....
.. ......[.# #†.... ..
###..##.# ######
#.###.#..>#
###.....#@###
........#S# ......)...#
.......#..#
.............
.....%.........
......##..###.# ......
#.## .. .../.. #.# # .


You could see an adder.

Vanquished Creatures
  An orc priest (D:3)
  Jessica (D:3)
  5 adders (D:2)
  2 worms (D:2)
  3 dart slugs
  5 leopard geckos
  3 orcs
  A ball python (D:2)
  4 giant cockroaches
  7 goblins
  5 hobgoblins
  5 jackals
  10 bats
  5 frilled lizards
  5 kobolds
  5 rats
67 creatures vanquished.

Notes
Turn   | Place    | Note
-------+----------+-------------------------------------------
     0 | D:1      | Dwingvatt99 the Spriggan Venom Mage began the quest for the
                  | Orb.
     0 | D:1      | Reached XP level 1. HP: 9/9 MP: 5/5
   410 | D:1      | Reached XP level 2. HP: 14/14 MP: 3/6
   442 | D:1      | Reached skill level 1 in Conjurations
  1111 | D:1      | Reached XP level 3. HP: 16/17 MP: 8/8
  1579 | D:2      | Reached skill level 1 in Short Blades
  1597 | D:2      | Reached skill level 1 in Fighting
  1610 | D:2      | Reached XP level 4. HP: 17/22 MP: 9/9
  2186 | D:2      | Reached skill level 1 in Maces & Flails
  2570 | D:3      | Reached XP level 5. HP: 25/25 MP: 10/10
  2645 | D:3      | Noticed Jessica
  2653 | D:3      | Killed Jessica
  2670 | D:3      | Slain by an adder

Levels and vault maps discovered:
D:1:      dpeg_arrival_pits, layout_loops_ring
D:2:      layout_loops_cross, minmay_hexomino_p4
D:3:      layout_rooms, first_ration, due_unseen_surprise, uniq_jessica

Skill      XL: |  1  2  3  4 |
---------------+-------------+-----
Conjurations   | 1 |  1.6
Short Blades   | 1 |  1.9
Fighting       | 1 |  1.5
Stealth        | 4 |  4.6
Dodging        | 4 |  4.2
Maces & Flails | 1 |  1.1
Spellcasting   | |  2.6
Poison Magic   | |  3.0

Action                   |  1- 3 |  4- 6 || total
-------------------------+-------+-------++-------
Melee: Unarmed           |    16 |       ||    16
       Whip              |    86 |    75 ||   161
 Cast: Sting             |    23 |       ||    23
 Stab: Sleeping          |     2 |     6 ||     8
Armor: Robe              |    16 |     2 ||    18
Dodge: Dodged            |   104 |    65 ||   169
